 Dungeon Crawl Stone Soup version 0.22-a0-51-g1bb26a1 (webtiles) character file.

76 roflturtle the Changer (level 4, -1/35 HPs)
             Began as a Draconian Transmuter on Dec 31, 2017.
             Slain by an orc priest (6 damage)
             ... on level 3 of the Dungeon on Jan 10, 2018.
             The game lasted 00:08:42 (1762 turns).

roflturtle the Changer (Draconian Transmuter)       Turns: 1762, Time: 00:08:42

Health: -1/35      AC:  2    Str: 12    XL:     4   Next: 12%
Magic:  4/7        EV: 20    Int: 13    God:
Gold:   43         SH:  0    Dex: 18    Spells: 1/7 levels left

rFire    . . .     SeeInvis .     - Unarmed
rCold    . . .     Gourm    .   (shield currently unavailable)
rNeg     . . .     Faith    .   (armour unavailable)
rPois    x         Spirit   .   (helmet currently unavailable)
rElec    .         Reflect  .   (cloak currently unavailable)
rCorr    .         Harm     .   (gloves currently unavailable)
MR       .....                  (boots currently unavailable)
Stlth    ++........             (no amulet)
HPRegen  0.11/turn              (no ring)
MPRegen  0.10/turn              (no ring)

@: spider-form
A: tiny, unfitting armour, AC +5
a: End Transformation


You were on level 3 of the Dungeon.
You were not hungry.
You were a venomous arachnid creature.
You visited 1 branch of the dungeon, and saw 3 of its levels.

You collected 43 gold pieces.

Inventory:

Hand Weapons
 p - a +4 quarterstaff of chaos
Missiles
 a - 64 arrows
Armour
 q - a +0 cloak (melded)
Jewellery
 l - an uncursed amulet of faith
Scrolls
 d - a scroll of immolation
 e - a scroll of remove curse
 n - a scroll of enchant weapon
Potions
 g - a potion of curing {unknown}
 h - a potion of brilliance {unknown}
 i - a potion of magic {unknown}
 k - a potion of flight {unknown}
 m - a potion of cancellation {unknown}
 o - a potion of haste
Books
 b - a book of Changes

   Spells                             Type                      Level
   a - Beastly Appendage              Transmutation                1
   b - Sticks to Snakes               Transmutation                2
   c - Spider Form                    Transmutation/Poison         3
   d - Ice Form                       Ice/Transmutation            4
   e - Blade Hands                    Transmutation                5
Comestibles
 c - 5 rations
 f - a chunk of flesh


   Skills:
 + Level 1.6 Fighting
 - Level 2.0 Dodging
 - Level 3.0 Unarmed Combat
 - Level 2.0 Spellcasting
 - Level 4.1 Transmutations


You had one spell level left.
You knew the following spells:

 Your Spells              Type           Power        Failure   Level  Hunger
a - Beastly Appendage     Tmut           ##....       14%         1    ##.....
b - Sticks to Snakes      Tmut           ##......     19%         2    ###....
c - Spider Form           Tmut/Pois      #.........   54%         3    ####...


Dungeon Overview and Level Annotations

Branches:
Dungeon (3/15)

Altars:
Ashenzari
Makhleb
Okawaru


Innate Abilities, Weirdness & Mutations

((Your plain brown scales are hard. (AC +5)))
You cannot fit into any form of body armour.
((You are cold-blooded and may be slowed by cold attacks.))


Message History

You hit the orc priest.
The orc priest is poisoned.
The orc priest is moderately wounded.
The bat barely misses you. The bat completely misses you.
The orc priest hits you.
You hit the orc priest.
The orc priest looks as sick as possible!
The orc priest is moderately wounded.
The bat hits you. The hobgoblin completely misses you.
The orc priest calls down the wrath of Beogh upon you.
You barely resist.
A rat comes into view.
You hit the orc priest.
The orc priest looks as sick as possible!
The orc priest is severely wounded.
The bat completely misses you. The hobgoblin hits you with a club!
* * * LOW HITPOINT WARNING * * *
You completely miss the orc priest.
The orc priest is severely wounded.
The bat barely misses you. x2; The orc priest hits you.
You die...

_.. .).# .o. ..... ......
...###...### # ......
...#......###..........
#........... .#.........
#.#......)####..........
........gso.....#......
#.......b.....#.......
##.............r.......
##..†.................).
#.......................
####.................#....
##..................[.#
...
##.....................#
#......................#


You could see an orc priest, a hobgoblin, a bat and a rat.

Vanquished Creatures
  Crazy Yiuf (D:2)
  An ooze (D:3)
  2 dart slugs (D:1)
  3 leopard geckos
  5 bats
  A giant cockroach (D:2)
  3 goblins
  5 hobgoblins
  7 kobolds
  A ball python (D:3)
  3 frilled lizards
  9 rats
41 creatures vanquished.

Notes
Turn   | Place    | Note
-------+----------+-------------------------------------------
     0 | D:1      | roflturtle the Draconian Transmuter began the quest for the Orb.
     0 | D:1      | Reached XP level 1. HP: 16/16 MP: 3/3
    68 | D:1      | Reached XP level 2. HP: 17/23 MP: 3/5
   106 | D:1      | Found a shattered altar of Ashenzari.
   196 | D:1      | Upgraded the game from 0.22-a0 to 0.22-a0-51-g1bb26a1
   207 | D:1      | Reached skill level 3 in Transmutations
   786 | D:2      | Reached XP level 3. HP: 26/28 MP: 6/6
   790 | D:2      | Learned a level 2 spell: Sticks to Snakes
   794 | D:2      | Learned a level 3 spell: Spider Form
   801 | D:2      | Found a burning altar of Makhleb.
  1254 | D:2      | Found a runed door.
  1259 | D:2      | Noticed Crazy Yiuf
  1268 | D:2      | Killed Crazy Yiuf
  1268 | D:2      | Reached skill level 4 in Transmutations
  1702 | D:3      | Reached XP level 4. HP: 33/35 MP: 5/7
  1746 | D:3      | Found an iron altar of Okawaru.
  1762 | D:3      | Slain by an orc priest

Vault maps used:
D:1:      minmay_arrival_three_doors, hex_intersection, minmay_misc_feat_plants,
          evilmike_ruin_ashenzari
D:2:      lemuel_doored_altar, lemuel_old_faithful, uniq_crazy_yiuf_cottage
D:3:      okawaru_ov_weapons_minmay

Skill      XL: |  1  2  3 |
---------------+----------+-----
Dodging        | 2 |  2.0
Transmutations | 3 4 |  4.1
Fighting       | |  1.6
Unarmed Combat | |  3.0
Spellcasting   | |  2.0

Action                   |  1- 3 |  4- 6 || total
-------------------------+-------+-------++-------
Melee: Unarmed           |   119 |    17 ||   136
       Tailslap          |     9 |       ||     9
       Headbutt          |     6 |       ||     6
       Kick              |     4 |     1 ||     5
 Cast: Beastly Appendage |    15 |     2 ||    17
       Spider Form       |     1 |     1 ||     2
  Use: Scroll            |       |     6 ||     6
 Stab: Sleeping          |     1 |       ||     1
  Eat: Chunk             |     3 |       ||     3
Armor: Skin              |    31 |     4 ||    35
Dodge: Dodged            |    57 |    17 ||    74

Table legend:
 A = Spawn XP
 B = Non-spawn XP
 C = Spawn XP percentage of total XP
 D = Spawn monster count
 E = Non-spawn monster count
 F = Spawn count percentage of total count
 G = Total turns spent on level
                    A         B        C        D         E        F      G
               +---------+---------+-------+---------+---------+-------+---------
         Total |       0 |     109 |   0.0 |       0 |      41 |   0.0 |  1762
               +---------+---------+-------+---------+---------+-------+---------
           D:1 |       0 |      33 |   0.0 |       0 |      18 |   0.0 |   608
           D:2 |       0 |      60 |   0.0 |       0 |      17 |   0.0 |  1086
           D:3 |       0 |      16 |   0.0 |       0 |       6 |   0.0 |    68
               +---------+---------+-------+---------+---------+-------+---------
